| TOP OF THE 1ST |
|
Florida State University Seminoles batting - Pitching for University of Southern California Trojans : RHP Ville Nyman
|
|
Pitching: RHP Ville Nyman
|
|
|
Batting: RHB Larry Berge
|
0-0: Foul Ball, location: 2F 0-1: Foul Ball, location: 2F 0-2: Strikes out swinging
|
|
Batting: RHB Ray Johnson
|
0-0: Foul Ball, location: 2F 0-1: Swinging Strike 0-2: Foul Ball, location: 2F 0-2: Fly out, F7 (Line Drive, 7S, EV 90.0 MPH)
|
|
Batting: LHB Ethan Ware
|
0-0: Ball 1-0: Called Strike 1-1: Swinging Strike 1-2: Ground out 6-3 (Groundball, 56, EV 89.4 MPH)
|
| Top of the 1st over - 0 runs, 0 hits, 0 errors, 0 left on base; Florida State University 0 - University of Southern California 0 |
| BOTTOM OF THE 1ST |
|
University of Southern California Trojans batting - Pitching for Florida State University Seminoles : RHP Bobby Rodriquez
|
|
Pitching: RHP Bobby Rodriquez
|
|
|
Batting: RHB Rick Acevedo
|
0-0: Called Strike 0-1: Ball 1-1: Swinging Strike 1-2: Strikes out swinging
|
|
Batting: RHB Eric Baker
|
0-0: Ball 1-0: Swinging Strike 1-1: Called Strike 1-2: Foul Ball, location: 2F 1-2: Foul Ball, location: 2F 1-2: Ball 2-2: Ball 3-2: Foul Ball, location: 2F 3-2: Base on Balls
|
|
Batting: SHB Jason Keys
|
0-0: Swinging Strike 0-1: Ball 1-1: Swinging Strike 1-2: Foul Ball, location: 2F 1-2: Grounds into double play, 4-6-3 (Groundball, 4M, EV 102.5 MPH)
|
| Bottom of the 1st over - 0 runs, 0 hits, 0 errors, 0 left on base; Florida State University 0 - University of Southern California 0 |
| TOP OF THE 2ND |
|
Florida State University Seminoles batting - Pitching for University of Southern California Trojans : RHP Ville Nyman
|
|
Batting: RHB Ed Vilches
|
0-0: Fly out, F8 (Line Drive, 8RM, EV 87.5 MPH)
|
|
Batting: SHB Jason Farr
|
0-0: Ball 1-0: Ball 2-0: Ground out 3-1 (Groundball, 34S, EV 88.1 MPH)
|
|
Batting: RHB Butch Huskey
|
0-0: Called Strike 0-1: Ball 1-1: Ball 2-1: Foul Ball, location: 2F 2-2: Ground out U3 (Groundball, 34, EV 78.1 MPH)
|
| Top of the 2nd over - 0 runs, 0 hits, 0 errors, 0 left on base; Florida State University 0 - University of Southern California 0 |
| BOTTOM OF THE 2ND |
|
University of Southern California Trojans batting - Pitching for Florida State University Seminoles : RHP Bobby Rodriquez
|
|
Batting: LHB John Rumbolt
|
0-0: Ball 1-0: Ball 2-0: Foul Ball, location: 2F 2-1: Ground out 5-3 (Groundball, 56, EV 83.1 MPH)
|
|
Batting: RHB John Sandberg
|
0-0: Ball 1-0: Ball 2-0: Fly out, F9 (Flyball, 9D, EV 108.8 MPH)
|
|
Batting: RHB Jim Baltazar
|
0-0: Called Strike 0-1: Ground out 6-3 (Groundball, 6, EV 83.8 MPH)
|
| Bottom of the 2nd over - 0 runs, 0 hits, 0 errors, 0 left on base; Florida State University 0 - University of Southern California 0 |
| TOP OF THE 3RD |
|
Florida State University Seminoles batting - Pitching for University of Southern California Trojans : RHP Ville Nyman
|
|
Batting: RHB Jonathan Bruni
|
0-0: Ball 1-0: Ball 2-0: Called Strike 2-1: Ball 3-1: Fly out, F7 (Flyball, 7S, EV 73.8 MPH)
|
|
Batting: RHB Terry Cisneros
|
0-0: Foul Ball, location: 2F 0-1: Ball 1-1: Ball 2-1: Foul Ball, location: 2F 2-2: Fly out, F8 (Flyball, 8LM, EV 84.4 MPH)
|
|
Batting: RHB Emilio Guerra
|
0-0: Foul Ball, location: 2F 0-1: Called Strike 0-2: Ball 1-2: Ground out 6-3 (Groundball, 56, EV 102.5 MPH)
|
| Top of the 3rd over - 0 runs, 0 hits, 0 errors, 0 left on base; Florida State University 0 - University of Southern California 0 |
| BOTTOM OF THE 3RD |
|
University of Southern California Trojans batting - Pitching for Florida State University Seminoles : RHP Bobby Rodriquez
|
|
Batting: LHB Roger Kean
|
0-0: Foul Ball, location: 2F 0-1: Foul Ball, location: 2F 0-2: Strikes out looking
|
|
Batting: RHB Tri Kartini
|
0-0: Called Strike 0-1: DOUBLE (Line Drive, 9LS, EV 99.4 MPH)
|
|
Batting: RHB Bobby Basoco
|
0-0: Called Strike 0-1: Foul Ball, location: 2F 0-2: Ball 1-2: Ball 2-2: Ball 3-2: Foul Ball, location: 2F 3-2: Foul Ball, location: 2F 3-2: DOUBLE (Flyball, 89D, EV 105.0 MPH) Tri Kartini scores
|
|
Batting: RHB Rick Acevedo
|
0-0: Ball 1-0: Called Strike 1-1: Swinging Strike 1-2: Strikes out swinging
|
|
Batting: RHB Eric Baker
|
0-0: Ball 1-0: Called Strike 1-1: Foul Ball, location: 2F 1-2: Foul Ball, location: 2F 1-2: Fly out, F7 (Flyball, 7, EV 85.0 MPH)
|
| Bottom of the 3rd over - 1 run, 2 hits, 0 errors, 1 left on base; Florida State University 0 - University of Southern California 1 |
| TOP OF THE 4TH |
|
Florida State University Seminoles batting - Pitching for University of Southern California Trojans : RHP Ville Nyman
|
|
Batting: RHB Larry Berge
|
0-0: Ground out 5-3 (Groundball, 5, EV 86.2 MPH)
|
|
Batting: RHB Ray Johnson
|
0-0: Ball 1-0: Ball 2-0: Fly out, F9 (Flyball, 9, EV 88.8 MPH)
|
|
Batting: LHB Ethan Ware
|
0-0: Ball 1-0: Ball 2-0: Called Strike 2-1: Fly out, F4 (Popup, 4M, EV 72.5 MPH)
|
| Top of the 4th over - 0 runs, 0 hits, 0 errors, 0 left on base; Florida State University 0 - University of Southern California 1 |
| BOTTOM OF THE 4TH |
|
University of Southern California Trojans batting - Pitching for Florida State University Seminoles : RHP Bobby Rodriquez
|
|
Batting: SHB Jason Keys
|
0-0: Ball 1-0: Foul Ball, location: 2F 1-1: Foul Ball, location: 2F 1-2: SINGLE (Groundball, 4MD, EV 97.5 MPH)
|
|
Batting: LHB John Rumbolt
|
0-0: Called Strike 0-1: Ball 1-1: Fielders Choice at 2nd, 3-6 (Groundball, 3, EV 85.6 MPH)
|
|
Batting: RHB John Sandberg
|
0-0: Called Strike 0-1: Fielders Choice at 2nd, 5-4 (Groundball, 56, EV 81.9 MPH)
|
|
Batting: RHB Jim Baltazar
|
0-0: Ball 1-0: Ball 2-0: Ball 3-0: Swinging Strike 3-1: Swinging Strike 3-2: Strikes out swinging
|
| Bottom of the 4th over - 0 runs, 1 hit, 0 errors, 1 left on base; Florida State University 0 - University of Southern California 1 |
| TOP OF THE 5TH |
|
Florida State University Seminoles batting - Pitching for University of Southern California Trojans : RHP Ville Nyman
|
|
Batting: RHB Ed Vilches
|
0-0: Called Strike 0-1: Fly out, F8 (Flyball, 8RM, EV 89.4 MPH)
|
|
Batting: SHB Jason Farr
|
0-0: DOUBLE (Line Drive, 78XD, EV 109.4 MPH)
|
|
Batting: RHB Butch Huskey
|
0-0: Ground out 3-1 (Groundball, 34, EV 81.9 MPH) Jason Farr to third
|
|
Batting: RHB Jonathan Bruni
|
0-0: Ball 1-0: Foul Ball, location: 2F 1-1: Foul Ball, location: 2F 1-2: Foul Ball, location: 2F 1-2: Strikes out swinging
|
| Top of the 5th over - 0 runs, 1 hit, 0 errors, 1 left on base; Florida State University 0 - University of Southern California 1 |
| BOTTOM OF THE 5TH |
|
University of Southern California Trojans batting - Pitching for Florida State University Seminoles : RHP Bobby Rodriquez
|
|
Batting: LHB Roger Kean
|
0-0: Foul Ball, location: 2F 0-1: Ball 1-1: Called Strike 1-2: Ball 2-2: SINGLE (Line Drive, 6D, EV 95.6 MPH)
|
|
Batting: RHB Tri Kartini
|
0-0: Foul Ball, location: 2F 0-1: Grounds into double play, 1-6-3 (Groundball, 13S, EV 73.8 MPH)
|
|
Batting: RHB Bobby Basoco
|
0-0: Called Strike 0-1: Foul Ball, location: 2F 0-2: Ground out 5-3 (Groundball, 5S, EV 82.5 MPH)
|
| Bottom of the 5th over - 0 runs, 1 hit, 0 errors, 0 left on base; Florida State University 0 - University of Southern California 1 |
| TOP OF THE 6TH |
|
Florida State University Seminoles batting - Pitching for University of Southern California Trojans : RHP Ville Nyman
|
|
Batting: RHB Terry Cisneros
|
0-0: Called Strike 0-1: Foul Ball, location: 2F 0-2: Strikes out swinging
|
|
Batting: RHB Emilio Guerra
|
0-0: Ball 1-0: Called Strike 1-1: Foul Ball, location: 2F 1-2: Foul Ball, location: 2F 1-2: Strikes out swinging
|
|
Batting: RHB Larry Berge
|
0-0: Ball 1-0: Swinging Strike 1-1: Ball 2-1: Ball 3-1: Base on Balls
|
|
Batting: RHB Ray Johnson
|
0-0: Ball Larry Berge steals 2nd base (no throw) 1-0: Ball 2-0: Called Strike 2-1: Called Strike 2-2: Foul Ball, location: 2F 2-2: Foul Ball, location: 2F 2-2: Foul Ball, location: 2F 2-2: Ball 3-2: Ground out 1-3 (Groundball, 34S, EV 68.1 MPH)
|
| Top of the 6th over - 0 runs, 0 hits, 0 errors, 1 left on base; Florida State University 0 - University of Southern California 1 |
| BOTTOM OF THE 6TH |
|
University of Southern California Trojans batting - Pitching for Florida State University Seminoles : RHP Bobby Rodriquez
|
|
Batting: RHB Rick Acevedo
|
0-0: Ball 1-0: Ball 2-0: Swinging Strike 2-1: Swinging Strike 2-2: Strikes out swinging
|
|
Pitching: RHP Jason Harper
|
|
|
Batting: RHB Eric Baker
|
0-0: Called Strike 0-1: Ball 1-1: Foul Ball, location: 2F 1-2: Strikes out swinging
|
|
Batting: SHB Jason Keys
|
0-0: Swinging Strike 0-1: Foul Ball, location: 2F 0-2: Ball 1-2: Fly out, F7 (Flyball, 7, EV 78.8 MPH)
|
| Bottom of the 6th over - 0 runs, 0 hits, 0 errors, 0 left on base; Florida State University 0 - University of Southern California 1 |
| TOP OF THE 7TH |
|
Florida State University Seminoles batting - Pitching for University of Southern California Trojans : RHP Ville Nyman
|
|
Batting: LHB Ethan Ware
|
0-0: SINGLE (Line Drive, 9S, EV 112.5 MPH)
|
|
Batting: RHB Ed Vilches
|
0-0: Ball 1-0: Foul Ball, location: 2F 1-1: Called Strike 1-2: Fielders Choice at 2nd, 5-4 (Groundball, 56, EV 99.4 MPH)
|
|
Batting: SHB Jason Farr
|
0-0: Ball 1-0: Swinging Strike 1-1: Called Strike 1-2: Strikes out swinging
|
|
Pitching: RHP Aaron Haver
|
|
|
Batting: RHB Butch Huskey
|
0-0: Called Strike 0-1: Ball 1-1: Ground out 4-3 (Groundball, 4, EV 105.6 MPH)
|
| Top of the 7th over - 0 runs, 1 hit, 0 errors, 1 left on base; Florida State University 0 - University of Southern California 1 |
| BOTTOM OF THE 7TH |
|
University of Southern California Trojans batting - Pitching for Florida State University Seminoles : RHP Jason Harper
|
|
Batting: LHB John Rumbolt
|
0-0: Called Strike 0-1: Ball 1-1: Ball 2-1: Ball 3-1: Foul Ball, location: 2F 3-2: Strikes out swinging
|
|
Batting: RHB John Sandberg
|
0-0: Fly out, F9 (Line Drive, 89M, EV 109.4 MPH)
|
|
Batting: RHB Jim Baltazar
|
0-0: Called Strike 0-1: Ball 1-1: Called Strike 1-2: Ball 2-2: Ball 3-2: Base on Balls
|
|
Batting: LHB Roger Kean
|
0-0: Foul Ball, location: 2F 0-1: Ball 1-1: Ball 2-1: Ball Pickoff Throw to First - Out! 1-3
|
| Bottom of the 7th over - 0 runs, 0 hits, 0 errors, 0 left on base; Florida State University 0 - University of Southern California 1 |
| TOP OF THE 8TH |
|
Florida State University Seminoles batting - Pitching for University of Southern California Trojans : RHP Aaron Haver
|
|
Batting: RHB Jonathan Bruni
|
0-0: Ball 1-0: Called Strike 1-1: Foul Ball, location: 2F 1-2: Ball 2-2: Ball 3-2: Fly out, F4 (Popup, 4, EV 61.9 MPH)
|
|
Batting: RHB Terry Cisneros
|
0-0: Ball 1-0: SOLO HOME RUN (Flyball, 7LD, EV 98.8 MPH), Distance : 372 ft
|
|
Batting: RHB Emilio Guerra
|
0-0: Foul Ball, location: 2F 0-1: Called Strike 0-2: Foul Ball, location: 2F 0-2: Fly out, F8 (Flyball, 78D, EV 96.9 MPH)
|
|
Batting: RHB Larry Berge
|
0-0: Called Strike 0-1: Called Strike 0-2: Strikes out swinging
|
| Top of the 8th over - 1 run, 1 hit, 0 errors, 0 left on base; Florida State University 1 - University of Southern California 1 |
| BOTTOM OF THE 8TH |
|
University of Southern California Trojans batting - Pitching for Florida State University Seminoles : RHP Jason Harper
|
|
Batting: LHB Roger Kean
|
0-0: Called Strike 0-1: Ball 1-1: Foul Ball, location: 2F 1-2: Ball 2-2: Foul Ball, location: 2F 2-2: Ball 3-2: Strikes out swinging, 2-3 out at first.
|
|
Batting: RHB Tri Kartini
|
0-0: Ground out U3 (Groundball, 3L, EV 106.9 MPH)
|
|
Batting: RHB Bobby Basoco
|
0-0: Ground out 4-3 (Groundball, 4, EV 104.4 MPH)
|
| Bottom of the 8th over - 0 runs, 0 hits, 0 errors, 0 left on base; Florida State University 1 - University of Southern California 1 |
| TOP OF THE 9TH |
|
Florida State University Seminoles batting - Pitching for University of Southern California Trojans : RHP Aaron Haver
|
|
Batting: RHB Ray Johnson
|
0-0: Fly out, F7 (Line Drive, 7S, EV 94.4 MPH)
|
|
Batting: LHB Ethan Ware
|
0-0: Ball 1-0: Called Strike 1-1: DOUBLE (Line Drive, 3D, EV 96.9 MPH)
|
|
Batting: RHB Ed Vilches
|
0-0: Ball 1-0: Ball 2-0: Ball 3-0: Base on Balls
|
|
Batting: SHB Jason Farr
|
0-0: Called Strike 0-1: Ball 1-1: Called Strike 1-2: Ball 2-2: Fielders Choice at 2nd, 3-6 (Groundball, 34, EV 101.2 MPH) Ethan Ware to third
|
|
Batting: RHB Butch Huskey
|
0-0: Ball 1-0: Called Strike 1-1: Fly out, F9 (Flyball, 9, EV 80.0 MPH)
|
| Top of the 9th over - 0 runs, 1 hit, 0 errors, 2 left on base; Florida State University 1 - University of Southern California 1 |
| BOTTOM OF THE 9TH |
|
University of Southern California Trojans batting - Pitching for Florida State University Seminoles : RHP Jason Harper
|
|
Pitching: RHP Jose Muti
|
|
|
Batting: RHB Rick Acevedo
|
0-0: Called Strike 0-1: Ball 1-1: Fly out, F7 (Flyball, 78S, EV 78.8 MPH)
|
|
Batting: RHB Eric Baker
|
0-0: Foul Ball, location: 2F 0-1: Ball 1-1: Ball 2-1: Ball 3-1: Foul Ball, location: 2F 3-2: Strikes out swinging
|
|
Batting: SHB Jason Keys
|
0-0: Ball 1-0: Ball 2-0: Fly out, F9 (Flyball, 9LM, EV 80.0 MPH)
|
| Bottom of the 9th over - 0 runs, 0 hits, 0 errors, 0 left on base; Florida State University 1 - University of Southern California 1 |
| TOP OF THE 10TH |
|
Florida State University Seminoles batting - Pitching for University of Southern California Trojans : RHP Aaron Haver
|
|
Pitching: RHP Steve Depre
|
|
|
Batting: RHB Jonathan Bruni
|
0-0: Foul Ball, location: 2F 0-1: Ball 1-1: Called Strike 1-2: SINGLE (Flyball, 78S, EV 91.9 MPH)
|
|
Batting: RHB Terry Cisneros
|
0-0: Ball 1-0: Fielders Choice at 2nd, 5-4 (Groundball, 5S, EV 80.0 MPH)
|
|
Batting: RHB Emilio Guerra
|
0-0: Swinging Strike 0-1: Fly out, F7 (Flyball, 7LMF, EV 106.2 MPH)
|
|
Batting: RHB Larry Berge
|
0-0: Ball 1-0: Ball 2-0: Ground out 4-3 (Groundball, 34, EV 111.2 MPH)
|
| Top of the 10th over - 0 runs, 1 hit, 0 errors, 1 left on base; Florida State University 1 - University of Southern California 1 |
| BOTTOM OF THE 10TH |
|
University of Southern California Trojans batting - Pitching for Florida State University Seminoles : RHP Jose Muti
|
|
Pitching: LHP Angel Villatoro
|
|
|
Batting: LHB John Rumbolt
|
0-0: Ball 1-0: Called Strike 1-1: Foul Ball, location: 2F 1-2: Foul Ball, location: 2F 1-2: SINGLE (Groundball, 4D, EV 104.4 MPH)
|
|
Batting: RHB John Sandberg
|
0-0: Called Strike 0-1: Ball 1-1: Ball 2-1: DOUBLE (Groundball, 5L, EV 98.8 MPH) John Rumbolt to third Runner from 3rd tries for Home, SAFE, throw by LF to home
|
| Bottom of the 10th over - 1 run, 2 hits, 0 errors, 1 left on base; Florida State University 1 - University of Southern California 2 |
|